 Dungeon Crawl Stone Soup version 0.23-a0-8-gb809bb7 (webtiles) character file.

109 Amnesiac the Gusty (level 4, 0/30 HPs)
             Began as a Mummy Air Elementalist on Aug 2, 2018.
             Was a Follower of Vehumet.
             Slain by an orc (1 damage)
             ... on level 4 of the Dungeon.
             The game lasted 00:04:34 (2528 turns).

Amnesiac the Gusty (Mummy Air Elementalist)         Turns: 2528, Time: 00:04:34

Health: 0/30       AC:  2    Str: 11    XL:     4   Next: 60%
Magic:  5/9        EV: 12    Int: 15    God:    Vehumet [*.....]
Gold:   157        SH:  0    Dex: 12    Spells: 3/10 levels left

rFire    x . .     SeeInvis .   c - +0 hand axe (curse)
rCold    + . .     Gourm    .   (no shield)
rNeg     + + +     Faith    .   a - +0 robe
rPois    ∞         Spirit   .   (no helmet)
rElec    .         Reflect  .   (no cloak)
rCorr    .         Harm     .   (no gloves)
MR       .....                  (no boots)
Stlth    ++........             (no amulet)
HPRegen  0.10/turn              (no ring)
MPRegen  0.11/turn              (no ring)

@: no status effects
A: no food or potions, fire vulnerability, cold resistance 1, negative energy
resistance 3, torment resistance, unbreathing
a: Renounce Religion


You were on level 4 of the Dungeon.
You worshipped Vehumet.
Vehumet was aware of your devotion.
You were not hungry.

You visited 1 branch of the dungeon, and saw 4 of its levels.

You collected 157 gold pieces.

Inventory:

Hand Weapons
 c - a cursed +0 hand axe (weapon)
Armour
 a - a +0 robe (worn)
Jewellery
 g - a +2 ring of evasion {unknown}
Scrolls
 b - 2 scrolls of identify {!r, unknown}
 d - a scroll of amnesia {!r, unknown}
 e - 3 scrolls of remove curse {!r, unknown}
 f - a scroll of fear {!r, unknown}
 h - a scroll of teleportation {!r, unknown}


   Skills:
 - Level 1.5 Dodging
 - Level 1.5 Stealth
 + Level 3.8 Spellcasting
 - Level 0.7 Conjurations
 * Level 4.0 Air Magic


You had 3 spell levels left.
You knew the following spells:

 Your Spells              Type           Power        Failure   Level  Hunger
a - Shock                 Conj/Air       ##..         7%          1    N/A
d - Airstrike             Air            ###.......   34%         4    N/A
z - Swiftness             Chrm/Air       #.......     12%         2    N/A

Your spell library contained the following spells:

 Spells                   Type           Power        Failure   Level  Hunger
 Lightning Bolt           Conj/Air       ##........   88%         5    N/A
 Static Discharge         Conj/Air       ##......     21%         3    N/A

Dungeon Overview and Level Annotations

Branches:
Dungeon (4/15)
 Temple: D:4-7

Altars:
Fedhas
Makhleb
Qazlal
Trog
Vehumet
Xom


Innate Abilities, Weirdness & Mutations

You do not eat or drink.
Your flesh is vulnerable to fire.
You are immune to poison.
Your flesh is cold resistant. (rC+)
You are immune to negative energy. (rN+++)
You are immune to unholy pain and torment.
You can survive without breathing.


Message History

An ogre comes into view. It is wielding a giant spiked club.
Found a chain mail, a quarterstaff and 7 gold pieces.
There is a stone staircase leading up here.
Casting: Shock (safe; 7% risk of failure)
Confirm with . or Enter, or press ? or * to list all spells.
Okay, then.
Casting: Shock (safe; 7% risk of failure)
Confirm with . or Enter, or press ? or * to list all spells.
Aiming: Shock (safe; 7% risk of failure)
Press: ? - help, Shift-Dir - straight line The zap hits the ogre.
The ogre is lightly wounded.
The zap hits the ogre.
The ogre is lightly wounded.
Unknown command.
Casting: Shock (safe; 7% risk of failure)
Confirm with . or Enter, or press ? or * to list all spells.
Aiming: Shock (safe; 7% risk of failure)
Press: ? - help, Shift-Dir - straight line The zap hits the ogre.
The ogre is moderately wounded.
Unknown command.
Casting: Shock (safe; 7% risk of failure)
Confirm with . or Enter, or press ? or * to list all spells.
Aiming: Shock (safe; 7% risk of failure)
Press: ? - help, Shift-Dir - straight line The zap hits the ogre.
The ogre is heavily wounded.
Casting: Shock (safe; 7% risk of failure)
Confirm with . or Enter, or press ? or * to list all spells.
Aiming: Shock (safe; 7% risk of failure)
Press: ? - help, Shift-Dir - straight line The zap misses the ogre.
The ogre hits you with a giant spiked club!!
Ouch! That really hurt!
* * * LOW HITPOINT WARNING * * *
An orc comes into view.
The orc shouts!
An orc comes into view. It is wielding a dagger.
Casting: Shock (safe; 7% risk of failure)
Confirm with . or Enter, or press ? or * to list all spells.
Aiming: Shock (safe; 7% risk of failure)
Press: ? - help, Shift-Dir - straight line, f - ogre
Aim: an ogre, wielding a giant spiked club (heavily wounded)
Okay, then.
A quokka comes into view.
Casting: Shock (safe; 7% risk of failure)
Confirm with . or Enter, or press ? or * to list all spells.
Aiming: Shock (safe; 7% risk of failure)
Press: ? - help, Shift-Dir - straight line The zap misses the ogre.
The zap hits the ogre.
The ogre is heavily wounded.
The orc shouts!
An orc comes into view. It is wielding a dagger.
Casting: Shock (safe; 7% risk of failure)
Confirm with . or Enter, or press ? or * to list all spells.
Aiming: Shock (safe; 7% risk of failure)
Press: ? - help, Shift-Dir - straight line That beam is likely to hit you.
Continue anyway?
Okay, then.
Okay, then.
Okay, then.
The orc hits you.
You die...

....#######..##
...............
..............
#............
#............
#.$).........
#.[..<.......
#+##########............
.......@O...##########+#
.......o....#
.......r....#
.......o##### .........
####..... #.o...
........# ##...##
........##


You could see an ogre, 3 orcs and a quokka.

Vanquished Creatures
  A worker ant (D:3)
  2 adders (D:3)
  An ooze (D:1)
  A worm (D:3)
  2 dart slugs (D:1)
  5 orcs (D:3)
  6 bats
  6 giant cockroaches (D:1)
  5 goblins
  2 hobgoblins
  3 jackals (D:1)
  2 quokkas
  2 ball pythons
  2 frilled lizards
  5 kobolds
  5 rats
50 creatures vanquished.

Notes
Turn   | Place    | Note
-------+----------+-------------------------------------------
     0 | D:1      | Amnesiac the Mummy Air Elementalist began the quest for the Orb.
     0 | D:1      | Reached XP level 1. HP: 13/13 MP: 4/4
   236 | D:1      | Found a shimmering altar of Xom.
   244 | D:1      | Reached XP level 2. HP: 15/19 MP: 1/5
   276 | D:1      | Learned a level 2 spell: Swiftness
   312 | D:1      | Reached skill level 3 in Air Magic
   483 | D:4      | Found a blossoming altar of Fedhas.
   500 | D:4      | Found a stormy altar of Qazlal.
   529 | D:4      | Found a radiant altar of Vehumet.
   532 | D:4      | Became a worshipper of Vehumet
   943 | D:1      | Reached XP level 3. HP: 21/24 MP: 0/7
  1499 | D:2      | Reached * piety under Vehumet
  1499 | D:2      | Offered knowledge of Sting by Vehumet.
  1504 | D:2      | Found a bloodstained altar of Trog.
  1673 | D:2      | You fall through a shaft!
  2013 | D:3      | Reached XP level 4. HP: 26/30 MP: 5/9
  2019 | D:3      | Learned a level 4 spell: Airstrike
  2205 | D:3      | Reached skill level 4 in Air Magic
  2313 | D:3      | Found a burning altar of Makhleb.
  2514 | D:4      | Noticed an ogre
  2521 | D:4      | HP: 1/30 [ogre/giant spiked club (29)]
  2528 | D:4      | Slain by an orc

Vault maps used:
D:1:      wheals_arrival_linesprint, xom_teletrap_fun
D:2:      overflow_temple_1_default, bloody_trog, first_ration,
          minmay_lizard_king, uniq_sigmund, uniq_natasha
D:3:      kennysheep_flooded_box, kennysheep_generic_room_5
D:4:      grunt_temple_overflow_forces_of_nature, kennysheep_mini_moat

Skill      XL: |  1  2  3  4 |
---------------+-------------+-----
Air Magic      | 3 4 |  4.0
Spellcasting   | 3 |  3.8
Dodging        | |  1.5
Stealth        | |  1.5
Conjurations   | |  0.7

Action                   |  1- 3 |  4- 6 || total
-------------------------+-------+-------++-------
Melee: Unarmed           |     5 |       ||     5
       Hand axe          |     9 |       ||     9
 Cast: Shock             |   100 |    24 ||   124
Armor: Robe              |     8 |       ||     8
Dodge: Dodged            |    25 |     2 ||    27

Table legend:
 A = Spawn XP
 B = Non-spawn XP
 C = Spawn XP percentage of total XP
 D = Spawn monster count
 E = Non-spawn monster count
 F = Spawn count percentage of total count
 G = Total turns spent on level
                    A         B        C        D         E        F      G
               +---------+---------+-------+---------+---------+-------+---------
         Total |       0 |     157 |   0.0 |       0 |      50 |   0.0 |  2528
               +---------+---------+-------+---------+---------+-------+---------
           D:1 |       0 |      51 |   0.0 |       0 |      25 |   0.0 |  1242
           D:2 |       0 |      12 |   0.0 |       0 |       9 |   0.0 |   223
           D:3 |       0 |      94 |   0.0 |       0 |      16 |   0.0 |   976
               +---------+---------+-------+---------+---------+-------+---------
